 Dungeon Crawl Stone Soup version 0.21-a0-50-g941c862 (webtiles) character file.

87 KristoblXynda the Charlatan (level 4, -2/34 HPs)
             Began as a Demigod Artificer on June 11, 2017.
             Slain by an orc wizard
             ... wielding a +0 dagger
              (3 damage)
             ... on level 3 of the Dungeon.
             The game lasted 00:03:51 (2390 turns).

KristoblXynda the Charlatan (Demigod Artificer)     Turns: 2390, Time: 00:03:52

Health: -2/34      AC:  3    Str: 15    XL:     4   Next: 7%
Magic:  9/9        EV: 18    Int: 20    God:
Gold:   68         SH:  0    Dex: 23    Spells: 3/3 levels left

rFire    . . .     SeeInvis .   a - +0 short sword
rCold    + . .     Gourm    .   (no shield)
rNeg     . . .     Faith    .   i - +1 robe {rC+}
rPois    .         Spirit   .   (no helmet)
rElec    .         Reflect  .   (no cloak)
rCorr    +         Harm     .   (no gloves)
MR       .....                  (no boots)
Stlth    ++++......             (no amulet)
Regen    0.2/turn               j - ring of resist corrosion
MPRegen  0.2/turn               n - ring of wizardry

@: brilliant, agile, hasted, very quick
A: high mp 1
a: no special abilities


You were on level 3 of the Dungeon.
You were not hungry.

You visited 1 branch of the dungeon, and saw 3 of its levels.

You collected 68 gold pieces.

Inventory:

Hand Weapons
 a - a +0 short sword (weapon)
Armour
 i - a +1 robe of cold resistance (worn)
Jewellery
 j - a ring of resist corrosion (left hand)
 n - a ring of wizardry (right hand)
Wands
 c - a wand of flame (6/48)
 d - a wand of enslavement (14/24)
 e - a wand of random effects (14/48)
Scrolls
 b - 2 scrolls of identify {unknown}
 g - a scroll of recharging {unknown}
 h - 3 scrolls of amnesia {unknown}
 l - 2 scrolls of remove curse {unknown}
Potions
 k - a potion of brilliance
Comestibles
 f - 3 bread rations
 o - a meat ration


   Skills:
 - Level 0.8 Fighting
 + Level 2.0 Short Blades
 - Level 1.7 Dodging
 + Level 2.6 Stealth
 + Level 3.4 Evocations


You had 3 spell levels left.
You didn't know any spells.

Dungeon Overview and Level Annotations

Branches:
Dungeon (3/15)


Innate Abilities, Weirdness & Mutations

You have an increased reservoir of magic. (+10% MP)


Message History

Press: ? - help, Shift-Dir - straight line, p - orc The fireball explodes!
The fireball engulfs the orc.
You kill the orc!
The fireball engulfs you!
* * * LOW HITPOINT WARNING * * *
The fireball engulfs something.
This wand has 14 charges left.
Unknown command.
It was a potion of brilliance.
You feel clever all of a sudden. Something barely misses you.
Unknown command.
It was a potion of agility.
You feel agile all of a sudden.
You hear some strange, mumbled words.
A puff of flame appears from out of thin air!
The puff of flame hits you!
* * * LOW HITPOINT WARNING * * *
Unknown command.
It was a potion of haste.
You feel yourself speed up. Something hits you.
You die...

### ######### #.#
........#####.##
#########.........
#.........######.#
#@#######.#.# #.#
#{# #.#<# #.# #o#
#.#.# #.# #o#
#.#.####.#
#o#######.#......#
#.)........#######
#..........#
#..........#
#...o......#


You could see 3 orcs.

Vanquished Creatures
  4 adders (D:2)
  2 dart slugs
  4 leopard geckos (D:1)
  An orc (D:3)
  2 giant cockroaches (D:2)
  4 goblins
  2 hobgoblins
  7 kobolds
  A quokka (D:2)
  10 bats
  3 frilled lizards
  5 rats
45 creatures vanquished.

Notes
Turn   | Place    | Note
-------+----------+-------------------------------------------
     0 | D:1      | KristoblXynda the Demigod Artificer began the quest for the Orb.
     0 | D:1      | Reached XP level 1. HP: 15/15 MP: 5/5
    27 | D:1      | Reached skill level 1 in Short Blades
    27 | D:1      | Reached skill level 1 in Stealth
   377 | D:1      | Reached XP level 2. HP: 21/22 MP: 6/6
   411 | D:1      | Reached skill level 3 in Evocations
  1129 | D:2      | Reached XP level 3. HP: 14/27 MP: 7/7
  2042 | D:2      | Found a shimmering altar of Xom.
  2187 | D:2      | Reached XP level 4. HP: 12/34 MP: 9/9
  2389 | D:3      | HP: 1/34 [something/puff of flame (4)]
  2390 | D:3      | Slain by an orc wizard

Vault maps used:
D:1:      dpeg_arrival_tiny_k, st_stairs_10
D:2:      old_standard_altar, first_bread, minmay_bisected
D:3:      uniq_robin

Skill      XL: |  1  2  3 |
---------------+----------+-----
Short Blades   | 1 2 |  2.0
Stealth        | 1 2 |  2.6
Evocations     | 3 |  3.4
Fighting       | |  0.8
Dodging        | |  1.7

Action                   |  1- 3 |  4- 6 || total
-------------------------+-------+-------++-------
Melee: Short sword       |   154 |    12 ||   166
Evoke: Wand              |     9 |     2 ||    11
  Use: Potion            |       |     3 ||     3
 Stab: Distracted        |     1 |       ||     1
       Sleeping          |     2 |       ||     2
  Eat: Bread ration      |     1 |       ||     1
       Chunk             |     1 |       ||     1
Armor: Leather armour    |     8 |       ||     8
       Robe              |    50 |     5 ||    55
Dodge: Dodged            |   121 |     8 ||   129
